cohdb
Replays
Latest Replays
All Replays
Popular Replays
Top Player Replays
Match Explorer
How It Works
Community
CoH3 Stats
Reddit
Sign in to upload your games and track your stats! →
Sign in with Steam
Match 37460376
Unlisted
Match 37460376
Overview
Messages
Build Orders
End
Kradschützen Motorcycle Team
Selects Italian Infantry
250 Light Carrier
250 Light Carrier
Construct Light Support Kompanie
MG34 Team
Selects Defensive Operations
Panzerpioneer Squad
Combat Half-tracks
Panzerpioneer Squad
Assault Mechanized Group
Kradschützen Motorcycle Team
Selects Guastatori Squad
Construct Mechanized Kompanie
Construct Panzerarmee Kommand
Armored Reserves
Selects L6/40 Light Tank Combat Group
Zappenduster
CPU-Easy
Husar
Drago
Mordocht
Yamiron35
0
0
Comments
sign in to comment!
No comments posted yet!